 Seeded DCSS version 0.27.1-3-gb3d3a73c9e (webtiles) character file.

Game seed: 20211011 (custom seed)

2 jsc15 the Caller (level 1, 0/14 HPs)
             Began as a Minotaur Summoner on Oct 11, 2021.
             Frozen to death by an endoplasm (2 damage)
             ... on level 2 of the Dungeon.
             The game lasted 00:00:56 (154 turns).

jsc15 the Caller (Minotaur Summoner)                 Turns: 154, Time: 00:00:57

Health: 0/14       AC:  2    Str: 12    XL:     1   Next: 25%
Magic:  1/1        EV: 12    Int: 12    God:
Gold:   9          SH:  0    Dex: 10    Spells: 1/2 levels left

rFire    . . .     SeeInvis .   (no weapon)
rCold    . . .     Faith    .   (no shield)
rNeg     . . .     Spirit   .   a - +0 robe
rPois    .         Reflect  .   (helmet restricted)
rElec    .         Harm     .   (no cloak)
rCorr    .         Rampage  .   (no gloves)
Will     .....                  (no boots)
Stlth    ++........             (no amulet)
HPRegen  0.04/turn              (no ring)
MPRegen  0.07/turn              (no ring)

@: no status effects
A: horns 2, retaliatory headbutt
a: no special abilities


You were on level 2 of the Dungeon.
You visited 1 branch of the dungeon, and saw 2 of its levels.

You collected 9 gold pieces.

Inventory:

Hand Weapons
 c - a +0 dagger
Missiles
 d - a stone
 g - 12 bolts
Armour
 a - a +0 robe (worn)
Potions
 b - a potion of lignification {unknown}
 e - a potion of degeneration {unknown}
 f - a potion of haste {unknown}


   Skills:
 + Level 2.1 Dodging
 + Level 1.5 Stealth
 + Level 1.3 Spellcasting
 + Level 3.0 Summonings


You had one spell level left.
You knew the following spells:

 Your Spells              Type           Power      Damage    Failure   Level
a - Summon Small Mammal   Summ           32%        N/A       9%          1

Your spell library contained the following spells:

 Spells                   Type           Power      Damage    Failure   Level
 Call Imp                 Summ           8%         N/A       12%         2
 Call Canine Familiar     Summ           8%         N/A       24%         3
 Summon Guardian Golem    Hex/Summ       4%         N/A       43%         3
 Summon Lightning Spire   Summ/Air       4%         N/A       83%         4


Dungeon Overview and Level Annotations

Branches:
Dungeon (1/15)

Altars:


Innate Abilities, Weirdness & Mutations

You have a pair of horns on your head.
You reflexively headbutt those who attack you in melee.


Message History

Found a cyan potion.
An endoplasm comes into view.
The endoplasm quivers. x2; The endoplasm jiggles.
Really attack while wielding nothing? [Y]es or [N]o only, please.
Really attack while wielding nothing? [Y]es or [N]o only, please.
Really attack while wielding nothing? [Y]es or [N]o only, please.
Really attack while wielding nothing? [Y]es or [N]o only, please.
Really attack while wielding nothing? [Y]es or [N]o only, please.
Really attack while wielding nothing? [Y]es or [N]o only, please.
Really attack while wielding nothing? [Y]es or [N]o only, please.
Really attack while wielding nothing?
You hit the endoplasm.
The endoplasm is moderately wounded.
The endoplasm misses you. You furiously retaliate!
You headbutt the endoplasm.
You kill the endoplasm!
The adder bites you.
You barely miss the adder. The adder misses you. The endoplasm freezes you.
You are frozen.
The adder bites you but does no damage.
You miss the adder. The adder misses you. You furiously retaliate!
You headbutt the adder, but do no damage.
The endoplasm hits you but does no damage.
You miss the adder.
You headbutt the adder, but do no damage.
The adder bites you.
* * * LOW HITPOINT WARNING * * *
The endoplasm closely misses you.
You hit the adder.
The adder is lightly wounded.
The adder closely misses you. The endoplasm closely misses you.
The endoplasm freezes you.
You are frozen.
You die...

############ ###########
#........... ...##.....##
#.........#
...........###.........#
.....................!.#
..............<..J.....#
...............S@......#
.....####.......J........
...####...............##.
.####.................#
## ...........###?#####
...........# ...#
##.........# .#...
###.......# ...##


You could see an adder and 2 endoplasms.

Vanquished Creatures
  An endoplasm (D:2)
  A kobold (D:1)
2 creatures vanquished.

Notes
Turn   | Place    | Note
-------+----------+-------------------------------------------
     0 | D:1      | jsc15 the Minotaur Summoner began the quest for the Orb.
     0 | D:1      | Reached XP level 1. HP: 14/14 MP: 1/1
    57 | D:1      | Reached skill level 3 in Summonings
    93 | D:1      | You fall into a shaft and drop 1 floor!
   154 | D:2      | Frozen to death by an endoplasm

Illustrated notes

Levels and vault maps discovered:
D:1:      eino_arrival_water_star, layout_basic, chequers_ecumenical_altar_lobes
D:2:      layout_rooms, minmay_misc_feat_x, minmay_misc_feat_tower

Skill      XL: |  1 |
---------------+----+-----
Summonings     | 3 |  3.0
Dodging        | |  2.1
Stealth        | |  1.5
Spellcasting   | |  1.3

Action                   || total
-------------------------++-------
Melee: Unarmed           ||     8
       Headbutt          ||     1
Armor: Robe              ||     3
Dodge: Dodged            ||     8
